 Dungeon Crawl Stone Soup version 0.30.1-11-g7821555f0a (webtiles) character file.

Game seed: 11705141094664223311

135 Peloso the Covered (level 4, -4/40 HPs)
             Began as a Minotaur Fighter on Dec 5, 2023.
             Slain by Menkaure (7 damage)
             ... on level 4 of the Dungeon.
             The game lasted 00:05:43 (2874 turns).

Peloso the Covered (Minotaur Fighter)               Turns: 2874, Time: 00:05:44

Health: -4/40      AC:  7    Str: 20    XL:     4   Next: 97%
Magic:  3/3        EV:  9    Int:  5    God:
Gold:   114        SH:  5    Dex: 12    Spells: 3/3 levels left

rFire   . . .        a - +0 long sword
rCold   . . .        c - +0 buckler
rNeg    . . .        b - +0 scale mail
rPois   .            (helmet restricted)
rElec   .            (no cloak)
rCorr   .            (no gloves)
SInv    .            (no boots)
Will    .....        (no amulet) Stlth
                     (no ring)
HPRegen 0.26/turn    (no ring)
MPRegen 0.08/turn

%: no passive effects
@: no status effects
A: horns 2, retaliatory headbutt
a: no special abilities


You were on level 4 of the Dungeon.
You visited 1 branch of the dungeon, and saw 4 of its levels.

You collected 114 gold pieces.

Inventory:

Hand Weapons
 a - a +0 long sword (weapon)
Armour
 b - a +0 scale mail (worn)
 c - a +0 buckler (worn)
Scrolls
 f - 2 scrolls of identify
 g - a scroll of immolation
 i - a scroll of enchant weapon {unknown}
 j - a scroll of amnesia {unknown}
 l - a scroll of summoning {unknown}
Potions
 d - a potion of might
 e - 2 potions of resistance
 h - a potion of cancellation {unknown}
 k - a potion of mutation {unknown}
 m - a potion of degeneration {unknown}
 n - a potion of curing


   Skills:
 + Level 4.3 Fighting
 + Level 3.9 Long Blades
 + Level 4.8 Armour
 + Level 0.3 Dodging
 + Level 4.5 Shields


You had 3 spell levels left.
You didn't know any spells.
Your spell library contained the following spells:

 Spells                   Type           Power      Damage    Failure   Level
 Beastly Appendage        Tmut           0%         N/A       87%         1
 Magic Dart               Conj           0%         1d3       87%         1
 Lesser Beckoning         Tloc           0%         N/A       95%         2
 Searing Ray              Conj           0%         2d4       95%         2
 Wereblood                Tmut           0%         N/A       95%         2
 Gell's Gravitas          Tloc           0%         N/A       99%         3
 Spider Form              Tmut/Pois      0%         N/A       99%         3
 Teleport Other           Tloc           0%         N/A       99%         3
 Fulminant Prism          Conj/Hex       0%         3d5       100%        4


Dungeon Overview and Level Annotations

Branches:
Dungeon (4/15)
 Temple: D:4-7

Altars:

Shops:
D:1 =   D:4 ::(*

Annotations:
D:2 1 runed translucent door, Crazy Yiuf
D:3 Sigmund
D:4 Menkaure, Pikel


Innate Abilities, Weirdness & Mutations

You have a pair of horns on your head.
You reflexively headbutt those who attack you in melee.


Message History

Done waiting.
You start waiting.
Done waiting.
There is an entrance to Wieffevo's General Store here.
You now have 106 gold pieces (gained 8).
There is an entrance to Saoxzek's Book Shoppe here.
There is an entrance to Wympo's Book Shoppe here.
There is an entrance to Saoxzek's Book Shoppe here.
You now have 114 gold pieces (gained 8).
Menkaure, Prince of Dust comes into view.
Menkaure shouts!
Menkaure is nearby!
Menkaure is nearby!
Menkaure is nearby!
You hit Menkaure. Your headbutt misses Menkaure.
Menkaure is lightly damaged.
Menkaure hits you!
You completely miss Menkaure.
You headbutt Menkaure, but do no damage.
Menkaure is lightly damaged.
Menkaure hits you!
You hit Menkaure.
Menkaure is moderately damaged.
Menkaure hits you!
* * * LOW HITPOINT WARNING * * *
You slash Menkaure!
Menkaure is severely damaged.
Menkaure mumbles some strange words.
Menkaure seems to speed up.
You hit Menkaure but do no damage.
Menkaure is severely damaged.
Menkaure calls on the powers of darkness!
Your body is wracked with pain!
* * * LOW HITPOINT WARNING * * *
You hit Menkaure but do no damage.
Menkaure is severely damaged.
Menkaure closely misses you. You furiously retaliate!
You headbutt Menkaure, but do no damage.
Menkaure hits you!
You die...

.....♣.♣.♣.♣..##.#
........#.....##.#
.....♣.♣.♣.♣..##.#####
......∩...∩.........<#
.....♣.♣.♣.♣..##.#####
..............##.#####
.....................#
..........#.#.##.##
..........#.#.##@###.##
#................M......
.......................#
#.##.####.............##
#....# #.#.#.######.##
#.#### #.#.#.# .#
#.#######.#.#.# #
..........#.#.#
#...........#.#


You could see Menkaure (fast).

Vanquished Creatures
  2 lemures (D:3)
  A scorpion (D:4)
  A gnoll (D:1)
  3 adders (D:2)
  A worm (D:2)
  2 dart slugs
  4 ball pythons
  4 bats
  2 endoplasms (D:1)
  2 goblins
  4 hobgoblins
  3 jackals (D:1)
  3 kobolds
  A frilled lizard (D:1)
  A rat (D:3)
34 creatures vanquished.

Notes
Turn   | Place    | Note
-------+----------+-------------------------------------------
     0 | D:1      | Peloso the Minotaur Fighter began the quest for the Orb.
     0 | D:1      | Reached XP level 1. HP: 19/19 MP: 0/0
   127 | D:1      | Reached XP level 2. HP: 23/27 MP: 1/1
   195 | D:1      | Found Hiziekhi's One-of-a-Kind Rings.
   560 | D:1      | Found a faded altar of an unknown god.
   693 | D:1      | Reached XP level 3. HP: 33/33 MP: 2/2
  1408 | D:2      | Reached XP level 4. HP: 32/40 MP: 3/3
  1605 | D:2      | Found a runed translucent door.
  1606 | D:2      | Noticed Crazy Yiuf
  1969 | D:3      | You fall into a shaft and drop 1 floor!
  2039 | D:4      | Noticed a scorpion
  2050 | D:4      | Killed a scorpion
  2312 | D:4      | Found Afufyr's Weapon Shoppe.
  2316 | D:4      | Found Wympo's Book Shoppe.
  2316 | D:4      | Found Wieffevo's General Store.
  2317 | D:4      | Found Saoxzek's Book Shoppe.
  2322 | D:4      | Noticed a lemure
  2322 | D:4      | Noticed a lemure
  2322 | D:4      | Noticed a lemure
  2322 | D:4      | Noticed a lemure
  2322 | D:4      | Noticed Pikel
  2342 | D:3      | Noticed Sigmund
  2364 | D:3      | Killed a lemure
  2376 | D:3      | Killed a lemure
  2864 | D:4      | Noticed Menkaure
  2874 | D:4      | Slain by Menkaure

Illustrated notes

Levels and vault maps discovered:
D:1:      lightli_arrival_flooded_house, layout_basic, serial_forest,
          infiniplex_forest_lined_2, infiniplex_forest_clump_C,
          infiniplex_forest_end_2, infiniplex_forest_fountain,
          infiniplex_forest_pool, infiniplex_forest_zigzag_2,
          infiniplex_forest_lined_corner, infiniplex_forest_clump_small,
          infiniplex_forest_straight_4, hellmonk_ecumenical_altar_blasted,
          minmay_misc_feat_square, nicolae_shop_unique_rings
D:2:      layout_basic, uniq_crazy_yiuf_cottage
D:3:      layout_loops_cross, mainiacjoe_overflow_boulevard, uniq_sigmund,
          uniq_robin
D:4:      layout_basic, kennysheep_donut, minmay_shop_grid_forest, uniq_pikel,
          uniq_grinder, uniq_menkaure

Skill      XL: |  1  2  3 |
---------------+----------+-----
Armour         | 4 |  4.8
Shields        | 4 |  4.5
Fighting       | 4 |  4.3
Long Blades    | 3 |  3.9
Dodging        | |  0.3

Action                     |  1- 3 |  4- 6 || total
---------------------------+-------+-------++-------
  Melee: Long sword        |    65 |    45 ||   110
         Headbutt          |     8 |    11 ||    19
    Use: Potion            |     2 |     1 ||     3
         Scroll            |     2 |       ||     2
 Armour: Scale mail        |    38 |    14 ||    52
  Dodge: Dodged            |    49 |    15 ||    64
  Block: Buckler           |    10 |     8 ||    18
